[Event "-chT Youth Countries 2019"]
[Site "Wuerzburg"]
[Date "2019.10.04"]
[Round "4.4"]
[White "Bakiev, Diyor"]
[Black "Glinzner, Alva"]
[Result "1/2-1/2"]
[ECO "B14"]
[WhiteElo "2088"]
[BlackElo "1897"]
[Annotator "NA"]
[PlyCount "82"]
[EventDate "2019.10.02"]
[EventType "team-tourn"]
[EventRounds "7"]
[EventCountry "GER"]
[SourceTitle "playchess.com"]
[Source "ChessBase"]
[SourceQuality "1"]
[WhiteTeam "Hessen"]
[BlackTeam "Schleswig-Holstein"]
[TimeControl "40/5400+30:1800+30"]

1. e4 c6 2. d4 d5 3. exd5 cxd5 4. c4 Nf6 5. Nc3 g6 6. Qb3 Bg7 7. cxd5 O-O 8. Nge2 Nbd7 9. g3 Nb6 10. Bg2 Ne8 11. O-O Nd6 12. Bf4 a6 13. a4 Bf5 14. a5 Nbc8 15. Rfd1 Qd7 16. Rac1 h6 17. Qa4 Qd8 18. b4 g5 19. Be3 Bg6 20. Qb3 Rb8 21. Na4 Nb5 22. Nec3 Ncd6 23. Nb6 Nxc3 24. Rxc3 Bf5 25. Rcc1 Nb5 26. Qb2 Nd6 27. Qe2 Nb5 28. Kh1 Qd6 29. Qd2 Rfd8 30. f4 g4 31. Bf2 Qg6 32. Re1 Bf6 33. Rcd1 Bc2 34. Rc1 Bf5 35. Rcd1 Bc2 36. Rc1 Bf5 37. Na4 Qg7 38. Be4 Bxe4+ 39. Rxe4 Rxd5 40. Nb6 Rdd8 41. d5 Qg6 {[%emt 0:11:01] normal} 1/2-1/2

[Event "-chT Youth Countries 2019"]
[Site "Wuerzburg"]
[Date "2019.10.04"]
[Round "4.4"]
[White "Boder, Jan"]
[Black "Lohvinov, Petro"]
[Result "1/2-1/2"]
[ECO "A15"]
[WhiteElo "2087"]
[BlackElo "2117"]
[Annotator "ChessBase"]
[PlyCount "72"]
[EventDate "2019.10.02"]
[EventType "team-tourn"]
[EventRounds "7"]
[EventCountry "GER"]
[SourceTitle "playchess.com"]
[Source "ChessBase"]
[SourceQuality "1"]
[WhiteTeam "Rheinland-Pfalz"]
[BlackTeam "Bayern 1"]
[TimeControl "40/5400+30:1800+30"]

1. c4 Nf6 2. g3 g6 3. Bg2 Bg7 4. Nc3 O-O 5. e4 d6 6. Nge2 c5 7. d3 Nc6 8. O-O a6 9. f4 Ne8 10. Be3 Nd4 11. Rb1 Bg4 12. h3 Bxe2 13. Nxe2 Nxe2+ 14. Qxe2 a5 15. e5 dxe5 16. Bxc5 Rc8 17. Ba3 Qd4+ 18. Kh2 Nd6 19. Bxd6 Qxd6 20. f5 Rcd8 21. Rbd1 b6 22. b3 Qd4 23. Be4 Rd6 24. Rf3 Rf6 25. Rdf1 Rd8 26. h4 gxf5 27. Bxf5 Kh8 28. Be4 Rdd6 29. g4 Rxf3 30. Rxf3 Rf6 31. Rxf6 Bxf6 32. g5 Bg7 33. Qf3 Qb2+ 34. Kh3 Kg8 35. Qf5 Qxa2 36. h5 Qe2 {[%emt 0:00:31] normal} 1/2-1/2

[Event "-chT Youth Countries 2019"]
[Site "Wuerzburg"]
[Date "2019.10.04"]
[Round "4.4"]
[White "Ravina, David"]
[Black "Muller, Magnus"]
[Result "1/2-1/2"]
[ECO "B30"]
[WhiteElo "2087"]
[BlackElo "1478"]
[Annotator "NA"]
[PlyCount "67"]
[EventDate "2019.10.02"]
[EventType "team-tourn"]
[EventRounds "7"]
[EventCountry "GER"]
[SourceTitle "playchess.com"]
[Source "ChessBase"]
[SourceQuality "1"]
[WhiteTeam "Hamburg/Schleswig-Holstein"]
[BlackTeam "Thüringen"]
[TimeControl "40/5400+30:1800+30"]

1. e4 c5 2. Nf3 Nc6 3. Bb5 d6 4. Bxc6+ bxc6 5. d3 e5 6. O-O Be7 7. Nbd2 f5 8. exf5 Bxf5 9. Ne4 Nf6 10. Ng3 Bg4 11. h3 Bd7 12. Nh4 O-O 13. Nhf5 Nd5 14. Qg4 g6 15. Nxe7+ Qxe7 16. Qg5 Qe6 17. Bd2 Rab8 18. b3 Nf4 19. Rae1 Qd5 20. Bxf4 Rxf4 21. Nh5 Rf5 22. Nf6+ Kf7 23. Qxf5 gxf5 24. Nxd5 cxd5 25. f4 Kf6 26. Kf2 Rg8 27. Re3 Bc6 28. Rfe1 Re8 29. g4 e4 30. Kg3 d4 31. R3e2 e3 32. a3 a5 33. g5+ Kg6 34. h4 {normal} 1/2-1/2

[Event "-chT Youth Countries 2019"]
[Site "Wuerzburg"]
[Date "2019.10.04"]
[Round "4.4"]
[White "Gutkin, Ilya"]
[Black "Hommer, Jeremy"]
[Result "0-1"]
[ECO "A04"]
[WhiteElo "2047"]
[BlackElo "2133"]
[Annotator "NA"]
[PlyCount "94"]
[EventDate "2019.10.02"]
[EventType "team-tourn"]
[EventRounds "7"]
[EventCountry "GER"]
[SourceTitle "playchess.com"]
[Source "ChessBase"]
[SourceQuality "1"]
[WhiteTeam "Nordrhein-Westfalen"]
[BlackTeam "Niedersachsen"]
[TimeControl "40/5400+30:1800+30"]

1. Nf3 e6 2. c4 b6 3. g3 Bb7 4. Bg2 c5 5. O-O Nf6 6. b3 Be7 7. Bb2 d6 8. d4 cxd4 9. Qxd4 Nbd7 10. Nc3 a6 11. Rfd1 O-O 12. Ng5 Bxg2 13. Kxg2 Qc7 14. Nge4 Rfd8 15. Nxf6+ Nxf6 16. e4 Bf8 17. Rd2 Nd7 18. Ba3 Nc5 19. Rad1 Rab8 20. Bxc5 bxc5 21. Qd3 Be7 22. f4 g6 23. Qe3 Qc6 24. Qf3 Rd7 25. e5 Qxf3+ 26. Kxf3 Rbd8 27. Na4 d5 28. cxd5 Rxd5 29. Rxd5 exd5 30. Nb6 d4 31. Ke4 f6 32. Nc4 Kf7 33. Rc1 Ke6 34. Rc2 f5+ 35. Kd3 Rb8 36. Nb2 Kd5 37. Rc4 g5 38. Ra4 Rb6 39. Ra5 gxf4 40. gxf4 Rh6 41. Na4 Rh3+ 42. Ke2 Rxh2+ 43. Kf3 Bh4 44. Nc3+ dxc3 45. Rxa6 Rh3+ 46. Kg2 Rg3+ 47. Kf2 Rg6+ {[%emt 0:00:11] normal} 0-1

[Event "-chT Youth Countries 2019"]
[Site "Wuerzburg"]
[Date "2019.10.04"]
[Round "4.4"]
[White "Deuer, Marius"]
[Black "Schumann, Rabea"]
[Result "1-0"]
[ECO "A50"]
[WhiteElo "1993"]
[BlackElo "1922"]
[Annotator "NA"]
[PlyCount "77"]
[EventDate "2019.10.02"]
[EventType "team-tourn"]
[EventRounds "7"]
[EventCountry "GER"]
[SourceTitle "playchess.com"]
[Source "ChessBase"]
[SourceQuality "1"]
[WhiteTeam "Württemberg"]
[BlackTeam "Mecklenburg-Vorpommern"]
[TimeControl "40/5400+30:1800+30"]

1. d4 Nf6 2. c4 g6 3. f3 c5 4. d5 b5 5. e4 d6 6. cxb5 a6 7. Nc3 Bg7 8. Be3 O-O 9. a4 Qa5 10. Ra3 Nbd7 11. Nh3 Ne5 12. Nf2 Bb7 13. f4 Ned7 14. Bd3 axb5 15. axb5 Qb4 16. Rb3 Qa5 17. O-O Rfc8 18. Bc2 Qc7 19. g4 Nb6 20. g5 Nfd7 21. Ne2 Nc4 22. Bc1 Ndb6 23. Rh3 Qd7 24. Nc3 Bd4 25. Kg2 e6 26. Qg4 exd5 27. Qh4 f6 28. gxf6 Bxf2 29. Rxf2 dxe4 30. Bxe4 Bxe4+ 31. Nxe4 Rf8 32. Ng5 Rxf6 33. Nxh7 Rf7 34. Nf6+ Rxf6 35. Qxf6 Qb7+ 36. Kg3 Qg7 37. Qe6+ Kf8 38. b3 Ra3 39. Bxa3 {normal} 1-0

[Event "-chT Youth Countries 2019"]
[Site "Wuerzburg"]
[Date "2019.10.04"]
[Round "4.4"]
[White "Danninger, Jannik"]
[Black "Eilenberg, Jonas"]
[Result "0-1"]
[ECO "B33"]
[WhiteElo "1990"]
[BlackElo "2050"]
[Annotator "NA"]
[PlyCount "95"]
[EventDate "2019.10.02"]
[EventType "team-tourn"]
[EventRounds "7"]
[EventCountry "GER"]
[SourceTitle "playchess.com"]
[Source "ChessBase"]
[SourceQuality "1"]
[WhiteTeam "Bayern 2"]
[BlackTeam "Berlin"]
[TimeControl "40/5400+30:1800+30"]

1. e4 c5 2. Nf3 Nc6 3. d4 cxd4 4. Nxd4 Nf6 5. Nc3 e5 6. Ndb5 d6 7. Bg5 a6 8. Na3 b5 9. Bxf6 gxf6 10. Nd5 Bg7 11. Qh5 f5 12. Bd3 Be6 13. O-O f4 14. c3 O-O 15. Nc2 f5 16. Ne1 Bxd5 17. exd5 Ne7 18. Nf3 h6 19. Nh4 Qe8 20. Qe2 e4 21. Bc2 Bf6 22. Nxf5 Nxf5 23. Bxe4 Bg7 24. Rfe1 Qf7 25. Rad1 Rae8 26. Qg4 Ne3 27. fxe3 Rxe4 28. exf4 Rxe1+ 29. Rxe1 Qxf4 30. Qxf4 Rxf4 31. Re8+ Kf7 32. Ra8 Rf5 33. Ra7+ Kf6 34. Rxa6 Rxd5 35. Kf1 Ke6 36. Ke2 Rg5 37. Kf3 Rf5+ 38. Ke2 Be5 39. h3 Bg3 40. b3 h5 41. a4 bxa4 42. Rxa4 h4 43. Re4+ Kd5 44. Kd3 Rf2 45. Re2 Rxe2 46. Kxe2 Ke4 {[%emt 0:00:02] normal} 47. Kd2 Be5 48. b4 {[%emt 0:01:21] normal} 0-1

[Event "-chT Youth Countries 2019"]
[Site "Wuerzburg"]
[Date "2019.10.04"]
[Round "4.4"]
[White "Franke, Luca"]
[Black "Riegel, Arinna"]
[Result "1/2-1/2"]
[ECO "E06"]
[WhiteElo "1872"]
[BlackElo "1894"]
[Annotator "NA"]
[PlyCount "57"]
[EventDate "2019.10.02"]
[EventType "team-tourn"]
[EventRounds "7"]
[EventCountry "GER"]
[SourceTitle "playchess.com"]
[Source "ChessBase"]
[SourceQuality "1"]
[WhiteTeam "Team Süd"]
[BlackTeam "Baden 1"]
[TimeControl "40/5400+30:1800+30"]

1. d4 d5 2. c4 e6 3. Nf3 Nf6 4. g3 Be7 5. Bg2 O-O 6. O-O b6 7. cxd5 exd5 8. Qc2 Bb7 9. Bf4 Bd6 10. Be5 h6 11. Nc3 c6 12. Rfd1 Qe7 13. Bxd6 Qxd6 14. e4 dxe4 15. Nxe4 Nxe4 16. Qxe4 Nd7 17. Ne5 Rfe8 18. f4 f6 19. Qg6 Qe6 20. Nxd7 Qxd7 21. Be4 Kf8 22. Qh7 Qe6 23. Re1 Qg8 24. Qxg8+ Kxg8 25. Bg6 Rxe1+ 26. Rxe1 Kf8 27. Re6 Rd8 28. Kf2 c5 29. dxc5 {[%emt 0:00:07] normal} 1/2-1/2

[Event "-chT Youth Countries 2019"]
[Site "Wuerzburg"]
[Date "2019.10.04"]
[Round "4.5"]
[White "Farokhi, Keyvan"]
[Black "Haack, Kevin"]
[Result "1-0"]
[ECO "B90"]
[WhiteElo "2018"]
[BlackElo "2044"]
[Annotator "NA"]
[PlyCount "81"]
[EventDate "2019.10.02"]
[EventType "team-tourn"]
[EventRounds "7"]
[EventCountry "GER"]
[SourceTitle "playchess.com"]
[Source "ChessBase"]
[SourceQuality "1"]
[WhiteTeam "Schleswig-Holstein"]
[BlackTeam "Hessen"]
[TimeControl "40/5400+30:1800+30"]

1. e4 c5 2. Nf3 d6 3. d4 cxd4 4. Nxd4 Nf6 5. Nc3 a6 6. Be3 e6 7. f3 b5 8. Qd2 Nbd7 9. g4 b4 10. Nce2 h6 11. O-O-O Qc7 12. h4 d5 13. Bf4 e5 14. Bh2 g6 15. g5 hxg5 16. hxg5 Rxh2 17. Rxh2 exd4 18. Rh8 Nh5 19. Qxd4 Bb7 20. exd5 O-O-O 21. Bh3 Bd6 22. Rxd8+ Qxd8 23. f4 Kb8 24. Kb1 Qe7 25. Bg4 f6 26. Bxh5 gxh5 27. Ng3 Qf7 28. Nf5 Bc5 29. Qe4 Nb6 30. Qe6 Bxd5 31. Qxf7 Bxf7 32. Nh6 Bd5 33. g6 Bf8 34. Nf5 h4 35. Nxh4 Kc7 36. Nf5 Bg8 37. g7 Bc5 38. Nh6 Bh7 39. g8=Q Bxg8 40. Nxg8 Nd7 41. Nh6 {[%emt 0:33:24] normal} 1-0

[Event "-chT Youth Countries 2019"]
[Site "Wuerzburg"]
[Date "2019.10.04"]
[Round "4.5"]
[White "Nguyen, Ha Thanh"]
[Black "Fuhrmann, Bahne"]
[Result "1-0"]
[ECO "C54"]
[WhiteElo "1998"]
[BlackElo "1623"]
[Annotator "NA"]
[PlyCount "61"]
[EventDate "2019.10.02"]
[EventType "team-tourn"]
[EventRounds "7"]
[EventCountry "GER"]
[SourceTitle "playchess.com"]
[Source "ChessBase"]
[SourceQuality "1"]
[WhiteTeam "Thüringen"]
[BlackTeam "Hamburg/Schleswig-Holstein"]
[TimeControl "40/5400+30:1800+30"]

1. e4 e5 2. Nf3 Nc6 3. Bc4 Bc5 4. c3 Nf6 5. d3 O-O 6. O-O d5 7. exd5 Nxd5 8. Nbd2 Nb6 9. Bb5 Bd6 10. Ne4 Bg4 11. h3 Bxf3 12. Qxf3 f5 13. Ng5 Qe8 14. Qd1 h6 15. Nf3 e4 16. Re1 a6 17. Bxc6 Qxc6 18. Nd4 Qd5 19. dxe4 fxe4 20. Qg4 Kh8 21. Rxe4 Nc4 22. Ne6 Rf7 23. Rd4 Qe5 24. Bf4 Qb5 25. Qg6 Re7 26. Bxh6 Be5 27. Rh4 Kg8 28. Bxg7 Bxg7 29. Qh7+ Kf7 30. Nxg7 Qe5 31. Nf5+ {[%emt 0:00:48] normal} 1-0

[Event "-chT Youth Countries 2019"]
[Site "Wuerzburg"]
[Date "2019.10.04"]
[Round "4.5"]
[White "Hetzner, Hannes"]
[Black "Reitz, Theresa"]
[Result "1-0"]
[ECO "D70"]
[WhiteElo "1996"]
[BlackElo "1935"]
[Annotator "NA"]
[PlyCount "48"]
[EventDate "2019.10.02"]
[EventType "team-tourn"]
[EventRounds "7"]
[EventCountry "GER"]
[SourceTitle "playchess.com"]
[Source "ChessBase"]
[SourceQuality "1"]
[WhiteTeam "Bayern 1"]
[BlackTeam "Rheinland-Pfalz"]
[TimeControl "40/5400+30:1800+30"]

1. d4 Nf6 2. c4 g6 3. Nf3 Bg7 4. e3 O-O 5. Be2 d5 6. cxd5 Nxd5 7. e4 Nb4 8. O-O c5 9. d5 f5 10. Bc4 b5 11. Bxb5 fxe4 12. Ng5 Rf5 13. Nc3 e6 14. dxe6 Qe7 15. Qa4 h6 16. Ngxe4 Bxe6 17. Be3 Nd7 18. Nxc5 Nxc5 19. Qxb4 Qf8 20. Bc4 Bxc4 21. Qxc4+ Kh8 22. Bd4 Rd8 23. Rad1 Rc8 24. Bxg7+ Kxg7 {[%emt 0:00:17] normal} 1-0

[Event "-chT Youth Countries 2019"]
[Site "Wuerzburg"]
[Date "2019.10.04"]
[Round "4.5"]
[White "Moenster, Madita"]
[Black "Muedder, Melanie"]
[Result "1/2-1/2"]
[ECO "B32"]
[WhiteElo "1916"]
[BlackElo "1964"]
[Annotator "NA"]
[PlyCount "83"]
[EventDate "2019.10.02"]
[EventType "team-tourn"]
[EventRounds "7"]
[EventCountry "GER"]
[SourceTitle "playchess.com"]
[Source "ChessBase"]
[SourceQuality "1"]
[WhiteTeam "Niedersachsen"]
[BlackTeam "Nordrhein-Westfalen"]
[TimeControl "40/5400+30:1800+30"]

1. e4 c5 2. Nf3 Nc6 3. d4 cxd4 4. Nxd4 e5 5. Nb5 d6 6. N1c3 a6 7. Na3 Be6 8. Nc4 b5 9. Ne3 Nf6 10. g3 g6 11. Bg2 Bg7 12. O-O O-O 13. Ncd5 Rc8 14. a4 b4 15. Qd3 Bxd5 16. exd5 Nd4 17. Bd2 a5 18. Rab1 Nd7 19. Be1 Nc5 20. Qd1 Rb8 21. c3 bxc3 22. Bxc3 Ndb3 23. Nc4 Qc7 24. Nd2 Nxd2 25. Qxd2 Nb3 26. Qd1 Qc4 27. Re1 Qxa4 28. Be4 Qd7 29. Bc2 a4 30. Bxb3 axb3 31. Ra1 f5 32. Ra3 Qb5 33. Ra5 Qc4 34. Qf3 e4 35. Qe3 Bxc3 36. Rc1 Qd4 37. Qxc3 Qxc3 38. Rxc3 Rfc8 39. Rxc8+ Rxc8 40. Rb5 Rc5 41. Rxb3 Rxd5 42. Kf1 {[%emt 0:01:33] normal} 1/2-1/2

[Event "-chT Youth Countries 2019"]
[Site "Wuerzburg"]
[Date "2019.10.04"]
[Round "4.5"]
[White "Stockmann, Till"]
[Black "Arnhold, Steffi"]
[Result "1/2-1/2"]
[ECO "B36"]
[WhiteElo "1884"]
[BlackElo "2042"]
[Annotator "NA"]
[PlyCount "85"]
[EventDate "2019.10.02"]
[EventType "team-tourn"]
[EventRounds "7"]
[EventCountry "GER"]
[SourceTitle "playchess.com"]
[Source "ChessBase"]
[SourceQuality "1"]
[WhiteTeam "Sachsen-Anhalt"]
[BlackTeam "Sachsen"]
[TimeControl "40/5400+30:1800+30"]

1. e4 c5 2. Nf3 Nc6 3. d4 cxd4 4. Nxd4 g6 5. c4 Nf6 6. Nc3 d6 7. Be2 Nxd4 8. Qxd4 Bg7 9. Be3 O-O 10. Qd2 Be6 11. O-O Qa5 12. Rac1 Rfc8 13. b3 a6 14. a3 Qd8 15. f3 Rab8 16. a4 Qa5 17. Rc2 Nd7 18. Rb1 b5 19. axb5 Bxc3 20. Rxc3 axb5 21. b4 Qc7 22. c5 dxc5 23. bxc5 b4 24. Rcc1 b3 25. Bf4 Ne5 26. Qc3 f6 27. Bg3 Bf7 28. Bd1 Rb5 29. Bf2 b2 30. Rc2 Rb3 31. Qd2 Rd8 32. Qe2 Nd3 33. Rd2 Rc3 34. Rbxb2 Nxb2 35. Rxb2 Rc1 36. Rd2 Bb3 37. Bd4 Rxd1+ 38. Rxd1 Bxd1 39. Qxd1 Kg7 40. Qa4 Qd7 41. Qxd7 Rxd7 42. Be3 {[%emt 0:00:52] normal} Kf7 43. Kf2 {[%emt 0:01:54] normal} 1/2-1/2

[Event "-chT Youth Countries 2019"]
[Site "Wuerzburg"]
[Date "2019.10.04"]
[Round "4.5"]
[White "Zhou, Lepu Coco"]
[Black "Khamenya, Vitalia"]
[Result "1-0"]
[ECO "C78"]
[WhiteElo "1739"]
[BlackElo "1908"]
[Annotator "NA"]
[PlyCount "110"]
[EventDate "2019.10.02"]
[EventType "team-tourn"]
[EventRounds "7"]
[EventCountry "GER"]
[SourceTitle "playchess.com"]
[Source "ChessBase"]
[SourceQuality "1"]
[WhiteTeam "Berlin"]
[BlackTeam "Bayern 2"]
[TimeControl "40/5400+30:1800+30"]

1. e4 e5 2. Nf3 Nc6 3. Bb5 a6 4. Ba4 Nf6 5. O-O b5 6. Bb3 Bc5 7. c3 d6 8. d4 Bb6 9. h3 h6 10. dxe5 Nxe5 11. Nxe5 dxe5 12. Qxd8+ Kxd8 13. Bxf7 Rf8 14. Bg6 Bb7 15. Re1 Nd7 16. Be3 Nc5 17. Bf5 Ke7 18. b4 Nd3 19. Rd1 Bxe3 20. fxe3 Rad8 21. Rd2 c5 22. a4 bxa4 23. Rxa4 cxb4 24. cxb4 Rf6 25. Rc2 Rb6 26. Rc7+ Kf6 27. Nd2 Nb2 28. Nc4 Nxc4 29. Rxc4 Bc6 30. Ra5 Bb5 31. Rc7 g6 32. Bc8 Bd3 33. Bb7 Rb8 34. Bd5 Rxb4 35. Rf7+ Kg5 36. Bc4 Bxe4 37. Rxe5+ Bf5 38. Bxa6 Re4 39. Rxe4 Bxe4 40. h4+ Kh5 41. Be2+ Kxh4 42. Rf4+ Kg5 43. Rxe4 h5 44. Rf4 Rb2 45. Kf2 Rc2 46. Kf3 h4 47. Rg4+ Kh5 48. Rxg6 Rxe2 49. Kxe2 Kxg6 50. Kf3 Kf5 51. e4+ Ke5 52. Kg4 Kxe4 53. Kxh4 Kf5 54. Kh5 Kf6 55. g4 Ke6 {normal} 1-0

[Event "-chT Youth Countries 2019"]
[Site "Wuerzburg"]
[Date "2019.10.04"]
[Round "4.5"]
[White "Hänselmann, Hendrik"]
[Black "Lederer, Leia"]
[Result "1-0"]
[ECO "B33"]
[WhiteElo "1732"]
[BlackElo "1750"]
[Annotator "NA"]
[PlyCount "67"]
[EventDate "2019.10.02"]
[EventType "team-tourn"]
[EventRounds "7"]
[EventCountry "GER"]
[SourceTitle "playchess.com"]
[Source "ChessBase"]
[SourceQuality "1"]
[WhiteTeam "Baden 1"]
[BlackTeam "Team Süd"]
[TimeControl "40/5400+30:1800+30"]

1. e4 c5 2. Nf3 Nc6 3. d4 cxd4 4. Nxd4 Nf6 5. Nc3 e5 6. Ndb5 d6 7. Bg5 a6 8. Na3 b5 9. Nd5 Be7 10. Bxf6 Bxf6 11. c4 b4 12. Nc2 a5 13. Be2 Bg5 14. O-O O-O 15. Qd3 Be6 16. Rfd1 Qb8 17. Bf3 Qb7 18. b3 Rad8 19. a3 bxa3 20. Rxa3 Rd7 21. Rda1 Rb8 22. Nce3 Nd4 23. Nf5 Nxf3+ 24. Qxf3 Bxd5 25. exd5 Bd2 26. Ng3 Qb6 27. Ne4 Bb4 28. Ra4 Re7 29. Qf5 h6 30. Rd1 Rbe8 31. Rd3 Rf8 32. Rg3 Qd4 33. Nf6+ Kh8 34. Qh7# {[%emt 0:00:05] normal} 1-0

[Event "-chT Youth Countries 2019"]
[Site "Wuerzburg"]
[Date "2019.10.04"]
[Round "4.5"]
[White "Roste, Hugo"]
[Black "Kobald, Jacqueline"]
[Result "0-1"]
[ECO "E81"]
[WhiteElo "1339"]
[BlackElo "1884"]
[Annotator "NA"]
[PlyCount "92"]
[EventDate "2019.10.02"]
[EventType "team-tourn"]
[EventRounds "7"]
[EventCountry "GER"]
[SourceTitle "playchess.com"]
[Source "ChessBase"]
[SourceQuality "1"]
[WhiteTeam "Mecklenburg-Vorpommern"]
[BlackTeam "Württemberg"]
[TimeControl "40/5400+30:1800+30"]

1. d4 Nf6 2. c4 g6 3. Nc3 Bg7 4. e4 d6 5. f3 O-O 6. Be3 c5 7. d5 e6 8. Qd2 exd5 9. cxd5 a6 10. a4 Nbd7 11. Bd3 Ne5 12. Nge2 Bd7 13. b3 Qc7 14. O-O Rab8 15. a5 Rfc8 16. Bf4 Nh5 17. Bxe5 Bxe5 18. Ra2 Rf8 19. Na4 Bxa4 20. Rxa4 Bg7 21. Ra2 Qe7 22. b4 Rfc8 23. bxc5 Rxc5 24. Rc1 Rbc8 25. Rac2 Rxc2 26. Rxc2 Rxc2 27. Qxc2 Qd8 28. Qd2 Qc7 29. Qb4 Bf6 30. Kf1 Bd8 31. Qb6 Qxb6 32. axb6 Bxb6 33. Ke1 Ba5+ 34. Kd1 Kf8 35. Kc2 Ke7 36. Kb3 Kd7 37. Kc4 Kc7 38. f4 Nf6 39. h3 h5 40. Nd4 Nd7 41. Nf3 b5+ 42. Kd4 Bb6+ 43. Kc3 Be3 44. f5 gxf5 45. exf5 Nf6 46. Nd4 Nxd5+ {[%emt 0:00:28] normal} 0-1

[Event "-chT Youth Countries 2019"]
[Site "Wuerzburg"]
[Date "2019.10.04"]
[Round "4.6"]
[White "Yaghi, Rita"]
[Black "Rempe, Jonas"]
[Result "1/2-1/2"]
[ECO "C55"]
[WhiteElo "1973"]
[BlackElo "1816"]
[Annotator "NA"]
[PlyCount "61"]
[EventDate "2019.10.02"]
[EventType "team-tourn"]
[EventRounds "7"]
[EventCountry "GER"]
[SourceTitle "playchess.com"]
[Source "ChessBase"]
[SourceQuality "1"]
[WhiteTeam "Hessen"]
[BlackTeam "Schleswig-Holstein"]
[TimeControl "40/5400+30:1800+30"]

1. e4 e5 2. Nf3 Nc6 3. Bc4 Nf6 4. d3 Be7 5. O-O O-O 6. Re1 d6 7. a4 Na5 8. Ba2 c5 9. c3 Nc6 10. Nbd2 Be6 11. Nf1 Qc7 12. Ne3 Bxa2 13. Rxa2 Rad8 14. Nf5 d5 15. Qe2 c4 16. dxc4 dxe4 17. Nxe7+ Qxe7 18. Nd2 Qd6 19. Nxe4 Nxe4 20. Qxe4 f5 21. Qe2 e4 22. b4 Qf6 23. Rc2 Ne5 24. Be3 Qg6 25. Bxa7 Nf3+ 26. Kh1 Nxe1 27. Qxe1 Qa6 28. Bc5 Qxa4 29. Rc1 Rf7 30. h3 Rfd7 31. Bd4 {[%emt 0:00:09] normal} 1/2-1/2

[Event "-chT Youth Countries 2019"]
[Site "Wuerzburg"]
[Date "2019.10.04"]
[Round "4.6"]
[White "Browning, Rebecca"]
[Black "Brunner, Sophia"]
[Result "1-0"]
[ECO "C42"]
[WhiteElo "1932"]
[BlackElo "1935"]
[Annotator "NA"]
[PlyCount "93"]
[EventDate "2019.10.02"]
[EventType "team-tourn"]
[EventRounds "7"]
[EventCountry "GER"]
[SourceTitle "playchess.com"]
[Source "ChessBase"]
[SourceQuality "1"]
[WhiteTeam "Nordrhein-Westfalen"]
[BlackTeam "Niedersachsen"]
[TimeControl "40/5400+30:1800+30"]

1. e4 e5 2. Nf3 Nf6 3. Nc3 d6 4. h3 Be7 5. Bc4 Nbd7 6. O-O O-O 7. Bb3 Nc5 8. Re1 Nxb3 9. axb3 c6 10. d4 Qc7 11. Be3 a6 12. Qe2 b5 13. Red1 Bb7 14. d5 cxd5 15. Nxd5 Nxd5 16. exd5 f5 17. Bg5 h6 18. Bxe7 Qxe7 19. c4 bxc4 20. bxc4 Qc7 21. b3 g5 22. Rac1 a5 23. c5 dxc5 24. Qxe5 Qxe5 25. Nxe5 Rfe8 26. Nc6 Bxc6 27. dxc6 Re5 28. c7 Rc8 29. Rd8+ Re8 30. Rxe8+ Rxe8 31. Rxc5 Rc8 32. Rxa5 Rxc7 33. Rxf5 Rb7 34. Rf3 Kg7 35. Kf1 h5 36. Ke2 Kg6 37. Kd2 g4 38. hxg4 hxg4 39. Rg3 Kf5 40. f3 gxf3 41. Rxf3+ Ke4 42. Re3+ Kf4 43. g3+ Kf5 44. Kc3 Kg5 45. b4 Kf5 46. Kc4 Rg7 47. b5 {[%emt 0:00:26] normal} 1-0

[Event "-chT Youth Countries 2019"]
[Site "Wuerzburg"]
[Date "2019.10.04"]
[Round "4.6"]
[White "Metzdorf, Matteo"]
[Black "Costa, Leonardo"]
[Result "0-1"]
[ECO "C78"]
[WhiteElo "1862"]
[BlackElo "1959"]
[Annotator "NA"]
[PlyCount "92"]
[EventDate "2019.10.02"]
[EventType "team-tourn"]
[EventRounds "7"]
[EventCountry "GER"]
[SourceTitle "playchess.com"]
[Source "ChessBase"]
[SourceQuality "1"]
[WhiteTeam "Rheinland-Pfalz"]
[BlackTeam "Bayern 1"]
[TimeControl "40/5400+30:1800+30"]

1. e4 e5 2. Nf3 Nc6 3. Bb5 a6 4. Ba4 Nf6 5. O-O b5 6. Bb3 Bc5 7. c3 d6 8. d4 Bb6 9. a4 Rb8 10. a5 Ba7 11. h3 O-O 12. Be3 exd4 13. cxd4 Nb4 14. Nc3 Bb7 15. Ng5 Qe8 16. e5 dxe5 17. dxe5 Bxe3 18. fxe3 Qxe5 19. Nxf7 Qxe3+ 20. Kh2 Rxf7 21. Bxf7+ Kxf7 22. Qb3+ Nbd5 23. Rae1 Qc5 24. Ne4 Qc4 25. Qg3 Re8 26. Ng5+ Kg8 27. Rxe8+ Nxe8 28. Qe5 Ndf6 29. Qe7 Qd5 30. Qe6+ Qxe6 31. Nxe6 Bc8 32. Nc5 Nd6 33. Rd1 Kf7 34. Kg3 Nfe4+ 35. Nxe4 Nxe4+ 36. Kf4 Nd6 37. Rc1 Ne8 38. Ke5 Bb7 39. g3 Ke7 40. Rc2 Kd7 41. b3 Nf6 42. Rd2+ Ke7 43. Rc2 c5 44. g4 Nd7+ 45. Kf5 Bd5 46. Re2+ Kd6 {[%emt 0:00:12] normal} 0-1

[Event "-chT Youth Countries 2019"]
[Site "Wuerzburg"]
[Date "2019.10.04"]
[Round "4.6"]
[White "Peglau, Charis"]
[Black "Dietz, Kristin"]
[Result "1/2-1/2"]
[ECO "B41"]
[WhiteElo "1827"]
[BlackElo "1948"]
[Annotator "NA"]
[PlyCount "55"]
[EventDate "2019.10.02"]
[EventType "team-tourn"]
[EventRounds "7"]
[EventCountry "GER"]
[SourceTitle "playchess.com"]
[Source "ChessBase"]
[SourceQuality "1"]
[WhiteTeam "Sachsen"]
[BlackTeam "Sachsen-Anhalt"]
[TimeControl "40/5400+30:1800+30"]

1. e4 c5 2. Nf3 e6 3. d4 cxd4 4. Nxd4 a6 5. c4 Nf6 6. Nc3 Bb4 7. f3 O-O 8. Be3 Nc6 9. Be2 d5 10. exd5 exd5 11. O-O Qe7 12. Bf2 Rd8 13. cxd5 Bxc3 14. bxc3 Nxd5 15. Nxc6 bxc6 16. Qc2 Qg5 17. Rfd1 Bh3 18. Bf1 Rd6 19. c4 Rg6 20. cxd5 Bxg2 21. Bg3 Bxf3 22. d6 h5 23. Bg2 Bxg2 24. Kxg2 h4 25. Qxc6 Rf8 26. Qf3 hxg3 27. hxg3 Qe5 28. d7 {[%emt 0:01:01] normal} 1/2-1/2

[Event "-chT Youth Countries 2019"]
[Site "Wuerzburg"]
[Date "2019.10.04"]
[Round "4.6"]
[White "Butenandt, Svenja"]
[Black "Kluehs, Gustaf"]
[Result "0-1"]
[ECO "E91"]
[WhiteElo "1805"]
[BlackElo "1902"]
[Annotator "NA"]
[PlyCount "59"]
[EventDate "2019.10.02"]
[EventType "team-tourn"]
[EventRounds "7"]
[EventCountry "GER"]
[SourceTitle "playchess.com"]
[Source "ChessBase"]
[SourceQuality "1"]
[WhiteTeam "Bayern 2"]
[BlackTeam "Berlin"]
[TimeControl "40/5400+30:1800+30"]

1. d4 Nf6 2. c4 g6 3. Nc3 Bg7 4. e4 d6 5. Nf3 O-O 6. Be2 c5 7. d5 Na6 8. a3 e5 9. Bg5 h6 10. Bd2 Kh7 11. h4 Ne8 12. Qc1 f5 13. h5 g5 14. exf5 Bxf5 15. g4 Bxg4 16. Nxg5+ hxg5 17. Bxg4 e4 18. Nxe4 Qe7 19. Be6 Nec7 20. Bxg5 Qe8 21. Nxd6 Qa4 22. Qb1+ Kh8 23. Bf7 Qa5+ 24. Bd2 Qb6 25. h6 Bd4 26. Bf4 Ne8 27. Nxe8 Rxf7 28. Qe4 Rxf4 29. Qxf4 Rxe8+ 30. Kf1 {[%emt 0:00:59] normal} 0-1